cohdb
Replays
Latest Replays
All Replays
Popular Replays
Top Player Replays
Match Explorer
How It Works
Community
CoH3 Stats
Reddit
Sign in to upload your games and track your stats! →
Sign in with Steam
Match 43984230
Unlisted
Match 43984230
Overview
Messages
Build Orders
End
Scout Squad
Scout Squad
Selects Advanced Infantry Battlegroup
Scout Squad
Construct Barracks
Riflemen Squad
Riflemen Squad
Construct Medical Station
Infantry Support Center
Selects Artillery Observers
Grenade Package
Construct Motor Pool
M24 Chaffee Light Tank
M8 Greyhound Armored Car
Engineer Squad
M24 Chaffee Light Tank
M24 Chaffee Light Tank
M24 Chaffee Light Tank
Selects M2A1 105mm Howitzer Emplacement
Selects 155mm Rapid Artillery Barrage
Selects Convert to Ranger Squad
Selects Designate Assault Position
Selects Infantry Assault
Infantry Assault
M24 Chaffee Light Tank
M1 Anti-tank Gun Team
M1 Anti-tank Gun Team
Infantry Assault
Demolitions Package
Barbarossa
xiao
0
0
Comments
sign in to comment!
No comments posted yet!